PCL
SAN JOSE MISSIONS @ ALBUQUERQUE ISOTOPES
07/10/2030
 
TOP OF THE 1ST
San Jose Missions batting - Pitching for Albuquerque Isotopes : RHP Rosendo Alonso
Pitching: RHP Rosendo Alonso
Batting: RHB Irwin Duncan 0-0: Ball
1-0: Foul Ball, location: 2F
1-1: Ball
2-1: Foul Ball, location: 2F
2-2: Foul Ball, location: 2F
2-2: Foul Ball, location: 2F
2-2: Foul Ball, location: 2F
2-2: Hit by Pitch
Batting: RHB Jesús Cruz 0-0: Ball
1-0: Called Strike
1-1: Ball
2-1: Foul Ball, location: 2F
2-2: Foul Ball, location: 2F
2-2: Foul Ball, location: 2F
2-2: Ball
3-2: Base on Balls
Irwin Duncan to second
Batting: SHB Ángel González 0-0: Ball
1-0: Foul Ball, location: 2F
1-1: Swinging Strike
1-2: Ball
2-2: Strikes out swinging
Batting: LHB John Foster 0-0: Ball
1-0: Called Strike
1-1: Ball
2-1: Swinging Strike
2-2: Fielders Choice at 2nd, 4-6 (Groundball, 4)
Irwin Duncan to third
Batting: LHB Chris Moore 0-0: Ball
1-0: Ball
2-0: Foul Ball, location: 2F
2-1: Ball
3-1: Foul Ball, location: 2F
3-2: Foul Ball, location: 2F
3-2: Base on Balls
John Foster to second
Batting: LHB Weston Chaney 0-0: Called Strike
0-1: Swinging Strike
0-2: Ball
1-2: Ball
2-2: Ball
3-2: Foul Ball, location: 2F
3-2: Base on Balls
Irwin Duncan scores
John Foster to third
Chris Moore to second
Batting: RHB Jaime Rodríguez 0-0: Ball
1-0: Fly out, F9 (Flyball, 9LM)
Top of the 1st over - 1 run, 0 hits, 0 errors, 3 left on base; San Jose 1 - Albuquerque 0
BOTTOM OF THE 1ST
Albuquerque Isotopes batting - Pitching for San Jose Missions : LHP Martín Reyes
Pitching: LHP Martín Reyes
Batting: RHB Javier Peña 0-0: DOUBLE (Flyball, 8LD)
Batting: RHB Kelly Graham 0-0: Called Strike
0-1: Ball
1-1: Ball
2-1: Fly out, F9 (Flyball, 89S)
Batting: LHB William Donnelly 0-0: Ball
1-0: Foul Ball, location: 2F
1-1: Ball
2-1: Fly out, F9 (Flyball, 89XD)
Runner from 2nd tags up, SAFE at 3rd, no throw
Batting: RHB Roberto Tobías 0-0: Foul Ball, location: 2F
0-1: Ball
1-1: Ground out 6-3 (Groundball, 6)
Bottom of the 1st over - 0 runs, 1 hit, 0 errors, 1 left on base; San Jose 1 - Albuquerque 0
TOP OF THE 2ND
San Jose Missions batting - Pitching for Albuquerque Isotopes : RHP Rosendo Alonso
Batting: RHB Glenn Melican 0-0: Swinging Strike
0-1: Ball
1-1: Fly out, F7 (Flyball, 7S)
Batting: RHB Chase Mueller 0-0: Ball
1-0: Called Strike
1-1: Ball
2-1: Called Strike
2-2: SOLO HOME RUN (Line Drive, 7D), Distance : 370 ft
Batting: RHB Irwin Duncan 0-0: Ball
1-0: Swinging Strike
1-1: Foul Ball, location: 2F
1-2: Strikes out swinging
Batting: RHB Jesús Cruz 0-0: Swinging Strike
0-1: Ball
1-1: Ball
2-1: Foul Ball, location: 2F
2-2: Strikes out swinging
Top of the 2nd over - 1 run, 1 hit, 0 errors, 0 left on base; San Jose 2 - Albuquerque 0
BOTTOM OF THE 2ND
Albuquerque Isotopes batting - Pitching for San Jose Missions : LHP Martín Reyes
Batting: RHB Jesse McKnight 0-0: Swinging Strike
0-1: Called Strike
0-2: Strikes out looking
Batting: SHB Manuel Hegnauer 0-0: Called Strike
0-1: Ball
1-1: Called Strike
1-2: Ground out 4-3 (Groundball, 34)
Batting: RHB Martín López 0-0: Ball
1-0: SINGLE (Flyball, 7S)
Batting: RHB Daniel Martínez 0-0: Called Strike
0-1: Called Strike
0-2: Fly out, F9 (Flyball, 9LM)
Bottom of the 2nd over - 0 runs, 1 hit, 0 errors, 1 left on base; San Jose 2 - Albuquerque 0
TOP OF THE 3RD
San Jose Missions batting - Pitching for Albuquerque Isotopes : RHP Rosendo Alonso
Batting: SHB Ángel González 0-0: Called Strike
0-1: Ball
1-1: Ball
2-1: Foul Ball, location: 2F
2-2: Foul Ball, location: 2F
2-2: Foul Ball, location: 2F
2-2: Foul Ball, location: 2F
2-2: Strikes out swinging
Batting: LHB John Foster 0-0: Ball
1-0: Foul Ball, location: 2F
1-1: Foul Ball, location: 2F
1-2: DOUBLE (Line Drive, 8RXD)
Batting: LHB Chris Moore 0-0: Called Strike
0-1: Foul Ball, location: 2F
0-2: Foul Ball, location: 2F
0-2: Ball
1-2: Ball
2-2: SINGLE (Flyball, 7S)
John Foster to third
Runner from 3rd tries for Home, SAFE, no throw
Batting: LHB Weston Chaney 0-0: Called Strike
0-1: Ball
1-1: SINGLE (Groundball, 4MD)
Chris Moore to second
Batting: RHB Jaime Rodríguez 0-0: Ball
1-0: Called Strike
1-1: Ball
2-1: Foul Ball, location: 2F
2-2: Ball
3-2: Strikes out looking
Batting: RHB Glenn Melican 0-0: Ball
1-0: Ball
2-0: Ball
3-0: Base on Balls
Chris Moore to third
Weston Chaney to second
Pitching: RHP António Córdova
Batting: RHB Chase Mueller 0-0: Swinging Strike
0-1: Ball
1-1: Swinging Strike
1-2: Ball
2-2: Ball
3-2: Strikes out looking
Top of the 3rd over - 1 run, 3 hits, 0 errors, 3 left on base; San Jose 3 - Albuquerque 0
BOTTOM OF THE 3RD
Albuquerque Isotopes batting - Pitching for San Jose Missions : LHP Martín Reyes
Batting: LHB Jorge Luna 0-0: Ball
1-0: Swinging Strike
1-1: Ball
2-1: Foul Ball, location: 2F
2-2: Fly out, F7 (Flyball, 7)
Batting: RHB Javier Peña 0-0: SINGLE (Line Drive, 89S)
Batting: RHB Kelly Graham 0-0: Called Strike
0-1: Called Strike
Javier Peña steals 2nd base
0-2: Strikes out looking
Batting: LHB William Donnelly 0-0: Ball
1-0: Ball
2-0: Ball
3-0: Foul Ball, location: 2F
3-1: Ground out 6-3 (Groundball, 6)
Bottom of the 3rd over - 0 runs, 1 hit, 0 errors, 1 left on base; San Jose 3 - Albuquerque 0
TOP OF THE 4TH
San Jose Missions batting - Pitching for Albuquerque Isotopes : RHP António Córdova
Batting: RHB Irwin Duncan 0-0: Ball
1-0: Ball
2-0: Foul Ball, location: 2F
2-1: Ground out U3 (Groundball, 34)
Batting: RHB Jesús Cruz 0-0: Ball
1-0: Ball
2-0: Ground out U3 (Groundball, 3)
Batting: SHB Ángel González 0-0: Ball
1-0: Called Strike
1-1: Swinging Strike
1-2: Ball
2-2: Fly out, F9 (Flyball, 9LD)
Top of the 4th over - 0 runs, 0 hits, 0 errors, 0 left on base; San Jose 3 - Albuquerque 0
BOTTOM OF THE 4TH
Albuquerque Isotopes batting - Pitching for San Jose Missions : LHP Martín Reyes
Batting: RHB Roberto Tobías 0-0: SINGLE (Flyball, 89S)
Batting: RHB Jesse McKnight 0-0: Called Strike
0-1: Ball
1-1: Ball
2-1: Swinging Strike
2-2: Strikes out swinging
Batting: SHB Manuel Hegnauer 0-0: Ball
1-0: Foul Ball, location: 2F
1-1: Swinging Strike
1-2: Strikes out swinging
Batting: RHB Martín López 0-0: Swinging Strike
0-1: Ball
1-1: Swinging Strike
1-2: Strikes out swinging
Bottom of the 4th over - 0 runs, 1 hit, 0 errors, 1 left on base; San Jose 3 - Albuquerque 0
TOP OF THE 5TH
San Jose Missions batting - Pitching for Albuquerque Isotopes : RHP António Córdova
Batting: LHB John Foster 0-0: Swinging Strike
0-1: Foul Ball, location: 2F
0-2: Ball
1-2: Ball
2-2: Fly out, F3 (Line Drive, 34)
Batting: LHB Chris Moore 0-0: Swinging Strike
0-1: Ball
1-1: Foul Ball, location: 2F
1-2: Ball
2-2: Ball
3-2: Ground out 1-3 (Groundball, 13S)
Batting: LHB Weston Chaney 0-0: Called Strike
0-1: Foul Ball, location: 2F
0-2: Ball
1-2: Strikes out looking
Top of the 5th over - 0 runs, 0 hits, 0 errors, 0 left on base; San Jose 3 - Albuquerque 0
BOTTOM OF THE 5TH
Albuquerque Isotopes batting - Pitching for San Jose Missions : LHP Martín Reyes
Batting: RHB Daniel Martínez 0-0: Foul Ball, location: 2F
0-1: Ball
1-1: Called Strike
1-2: Strikes out swinging
Batting: LHB Jorge Luna 0-0: Called Strike
0-1: Foul Ball, location: 2F
0-2: Strikes out swinging, 2-3 out at first.
Batting: RHB Javier Peña 0-0: Ball
1-0: Ball
2-0: Foul Ball, location: 2F
2-1: Swinging Strike
2-2: Ground out 6-3 (Groundball, 6)
Bottom of the 5th over - 0 runs, 0 hits, 0 errors, 0 left on base; San Jose 3 - Albuquerque 0
TOP OF THE 6TH
San Jose Missions batting - Pitching for Albuquerque Isotopes : RHP António Córdova
Batting: RHB Jaime Rodríguez 0-0: Ball
1-0: Ball
2-0: Foul Ball, location: 2F
2-1: Foul Ball, location: 2F
2-2: Fly out, F8 (Flyball, 8LM)
Batting: RHB Glenn Melican 0-0: Fly out, F8 (Flyball, 8LD)
Batting: RHB Chase Mueller 0-0: SINGLE (Groundball, 56S) (infield hit)
Batting: RHB Irwin Duncan 0-0: Called Strike
0-1: Fly out, F7 (Flyball, 7)
Top of the 6th over - 0 runs, 1 hit, 0 errors, 1 left on base; San Jose 3 - Albuquerque 0
BOTTOM OF THE 6TH
Albuquerque Isotopes batting - Pitching for San Jose Missions : LHP Martín Reyes
Batting: RHB Kelly Graham 0-0: Called Strike
0-1: Called Strike
0-2: Ball
1-2: Ball
2-2: Ground out 6-3 (Groundball, 56)
Batting: LHB William Donnelly 0-0: Ball
1-0: Ball
2-0: Foul Ball, location: 2F
2-1: Swinging Strike
2-2: Strikes out looking
Batting: RHB Roberto Tobías 0-0: Called Strike
0-1: Ball
1-1: Ball
2-1: Swinging Strike
2-2: Ball
3-2: Strikes out looking
Bottom of the 6th over - 0 runs, 0 hits, 0 errors, 0 left on base; San Jose 3 - Albuquerque 0
TOP OF THE 7TH
San Jose Missions batting - Pitching for Albuquerque Isotopes : RHP António Córdova
Batting: RHB Jesús Cruz 0-0: Called Strike
0-1: Foul Ball, location: 2F
0-2: Ball
1-2: Strikes out swinging
Batting: SHB Ángel González 0-0: Ball
1-0: Ball
2-0: Ball
3-0: Called Strike
3-1: Called Strike
3-2: Base on Balls
Batting: LHB John Foster 0-0: Ball
1-0: 2-RUN HOME RUN (Line Drive, 9D) (Inside the Park)
Batting: LHB Chris Moore 0-0: Foul Ball, location: 2F
0-1: Ball
1-1: Swinging Strike
1-2: Strikes out swinging, 2-3 out at first.
Batting: LHB Weston Chaney 0-0: Foul Ball, location: 2F
0-1: Ball
1-1: Ball
2-1: Ball
3-1: Base on Balls
Batting: RHB Jaime Rodríguez 0-0: Foul Ball, location: 2F
0-1: Ball
1-1: Ball
2-1: SINGLE (Groundball, 56S) (infield hit)
Weston Chaney to second
Batting: RHB Glenn Melican 0-0: Called Strike
0-1: SINGLE (Line Drive, 6)
Weston Chaney to third
Jaime Rodríguez to second
Runner from 3rd tries for Home, SAFE, no throw
Batting: RHB Chase Mueller 0-0: Ball
1-0: Ball
2-0: Called Strike
2-1: Foul Ball, location: 2F
2-2: Strikes out swinging
Top of the 7th over - 3 runs, 3 hits, 0 errors, 2 left on base; San Jose 6 - Albuquerque 0
BOTTOM OF THE 7TH
Albuquerque Isotopes batting - Pitching for San Jose Missions : LHP Martín Reyes
Batting: RHB Jesse McKnight 0-0: Called Strike
0-1: DOUBLE (Flyball, 8LXD)
Batting: SHB Manuel Hegnauer 0-0: Fly out, F8 (Flyball, 8RS)
Batting: RHB Martín López 0-0: Ground out 5-3 (Groundball, 56S)
Jesse McKnight to third
Batting: RHB Daniel Martínez 0-0: Fly out, F9 (Flyball, 9LSF)
Bottom of the 7th over - 0 runs, 1 hit, 0 errors, 1 left on base; San Jose 6 - Albuquerque 0
TOP OF THE 8TH
San Jose Missions batting - Pitching for Albuquerque Isotopes : RHP António Córdova
Batting: RHB Irwin Duncan 0-0: Ball
1-0: Ground out 5-3 (Groundball, 56)
Pitching: LHP Alberto Ruíz
Batting: RHB Jesús Cruz 0-0: Ground out 6-3 (Groundball, 6)
Batting: SHB Ángel González 0-0: Fly out, F9 (Line Drive, 9)
Top of the 8th over - 0 runs, 0 hits, 0 errors, 0 left on base; San Jose 6 - Albuquerque 0
BOTTOM OF THE 8TH
Albuquerque Isotopes batting - Pitching for San Jose Missions : LHP Martín Reyes
Batting: LHB Jorge Luna 0-0: Called Strike
0-1: Foul Ball, location: 2F
0-2: Ball
1-2: SINGLE (Line Drive, 6D)
Batting: RHB Javier Peña 0-0: Ball
1-0: Ball
2-0: Called Strike
2-1: Ball
3-1: Base on Balls
Jorge Luna to second
Batting: RHB Kelly Graham 0-0: Ball
1-0: Called Strike
1-1: Ball
2-1: Called Strike
2-2: Foul Ball, location: 2F
2-2: Ball
3-2: Foul Ball, location: 2F
3-2: Fly out, F9 (Flyball, 89D)
Runner from 2nd tags up, SAFE at 3rd, no throw
Batting: LHB William Donnelly 0-0: Called Strike
0-1: Ball
1-1: Ball
2-1: Foul Ball, location: 2F
2-2: Ball
3-2: Fly out, F7 (Flyball, 7D)
Runner from 3rd tags up, SCORES, throw made
Pitching: RHP Yodo Nakagawa
Batting: RHB Roberto Tobías 0-0: Fly out, F8 (Flyball, 8LD)
Bottom of the 8th over - 1 run, 1 hit, 0 errors, 1 left on base; San Jose 6 - Albuquerque 1
TOP OF THE 9TH
San Jose Missions batting - Pitching for Albuquerque Isotopes : LHP Alberto Ruíz
Batting: LHB John Foster 0-0: Ball
1-0: Called Strike
1-1: Foul Ball, location: 2F
1-2: SINGLE (Flyball, 9S)
Batting: LHB Chris Moore 0-0: Ball
1-0: Foul Ball, location: 2F
1-1: Swinging Strike
1-2: Foul Ball, location: 2F
1-2: Foul Ball, location: 2F
1-2: Ball
2-2: Grounds into double play, 4-6-3 (Groundball, 34)
Batting: LHB Weston Chaney 0-0: Called Strike
0-1: Ground out 4-3 (Groundball, 4)
Top of the 9th over - 0 runs, 1 hit, 0 errors, 0 left on base; San Jose 6 - Albuquerque 1
BOTTOM OF THE 9TH
Albuquerque Isotopes batting - Pitching for San Jose Missions : RHP Yodo Nakagawa
Now at 1B: Alberto Gómez
Batting: RHB Jesse McKnight 0-0: Foul Ball, location: 2F
0-1: Ground out 6-3 (Groundball, 6M)
Pitching: RHP Terry Adams
Batting: SHB Manuel Hegnauer 0-0: Ball
1-0: Ball
2-0: Called Strike
2-1: Foul Ball, location: 2F
2-2: Fly out, F8 (Flyball, 8RXD)
Batting: RHB Martín López 0-0: Ball
1-0: Ball
2-0: Ball
3-0: Base on Balls
Batting: RHB Daniel Martínez 0-0: SINGLE (Flyball, 9S)
Martín López to second
Batting: LHB Jorge Luna 0-0: Called Strike
0-1: Foul Ball, location: 2F
0-2: Ball
1-2: Ball
2-2: Foul Ball, location: 2F
2-2: Fly out, F8 (Flyball, 78D)
Bottom of the 9th over - 0 runs, 1 hit, 0 errors, 2 left on base; San Jose 6 - Albuquerque 1
Saturday, April 7th, 2018 - OOTP Baseball 18.8 Build 76